Construct Infanterie Kompanie
Construct Infanterie Kompanie
Selects Terror Battlegroup
Selects Machine Gun Camouflage
Construct Panzergrenadier Kompanie
Selects Contempt for the Weak
Pak 40 Anti-tank Gun Team
Panzergrenadier Officer Quarters
Pak 40 Anti-tank Gun Team
Construct Luftwaffe Kompanie
Construct Panzer Kompanie
Selects King Tiger Heavy Tank
Pak 40 Anti-tank Gun Team
Nebelwerfer 42 Rocket Launcher Team